 Dungeon Crawl Stone Soup version 0.20.0-15-g7f486f2 (webtiles) character file.

153755 dvd the Sorcerer (level 17, 0/85 HPs)
             Began as a Deep Elf Fire Elementalist on June 10, 2017.
             Was the Champion of Vehumet.
             Slain by a naga warrior
             ... wielding a +1 halberd of protection
              (32 damage)
             ... on level 4 of the Snake Pit on June 11, 2017.
             The game lasted 02:38:55 (35074 turns).

dvd the Sorcerer (Deep Elf Fire Elementalist)      Turns: 35074, Time: 02:38:56

Health: 0/85       AC: 11    Str:  7    XL:     17   Next: 5%
Magic:  1/44       EV: 16    Int: 36    God:    Vehumet [******]
Gold:   969        SH:  8    Dex: 15    Spells: 7/59 levels left

rFire    + + +     SeeInvis +   M - +9 long sword (protect)
rCold    . . .     Gourm    .   u - +3 buckler {reflect}
rNeg     . . .     Faith    +   U - +2 robe {rC+ rF+}
rPois    +         Spirit   .   r - +2 helmet {Int+3}
rElec    .         Reflect  +   B - scarf {cloud immunity}
rCorr    .         Harm     .   d - +2 pair of gloves
MR       +....                  Y - +0 pair of boots of the Meadowlark {rPois Slay+2 SInv}
Stlth    +++.......             s - amulet of faith
Regen    0.3/turn               k - ring of fire
MPRegen  0.3/turn               g - +5 ring of intelligence

@: no status effects
A: talons 1, fire resistance 1, strong 1
a: Renounce Religion


You were on level 4 of the Snake Pit.
You worshipped Vehumet.
Vehumet was exalted by your worship.
You were hungry.

You visited 5 branches of the dungeon, and saw 27 of its levels.
You visited 1 bazaar.
You also visited: Ice Cave and Volcano.

You collected 2895 gold pieces.
You spent 1926 gold pieces at shops.

Inventory:

Hand Weapons
 a - the +1 rapier of Nemelex Xobeh {flame, +Inv Dex+3}
   (You found it on level 7 of the Dungeon)

   It has been specially enchanted to burn those struck by it, causing extra
   injury to most foes and up to half again as much damage against particularly
   susceptible opponents.
   It affects your dexterity (+3).
   It lets you turn invisible.
 M - a +9 long sword of protection (weapon)
 X - a +3 short sword of venom
Armour
 d - a +2 pair of gloves (worn)
 r - a +2 helmet of intelligence (worn)
 u - a +3 buckler of reflection (worn)
 B - a scarf of cloud immunity (worn)
 U - a +2 robe of resistance (worn)
 Y - the +0 pair of boots of the Meadowlark (worn) {rPois Slay+2 SInv}
   (You bought it in a shop on level 13 of the Dungeon)

   It affects your accuracy and damage with ranged weapons and melee attacks
   (+2).
   It protects you from poison.
   It lets you see invisible.
Jewellery
 g - a +5 ring of intelligence (right hand)
 k - a ring of fire (left hand)
 s - an amulet of faith (around neck)
Wands
 b - a wand of digging (10/24)
 l - a wand of iceblast (4/15)
 y - a wand of clouds (3/9)
 G - a wand of scattershot (2/9)
 J - a wand of lightning (5/15)
 N - a wand of iceblast (7/15)
Scrolls
 e - 6 scrolls of teleportation
 f - a scroll of silence
 m - a scroll of fog
 x - 6 scrolls of identify
 z - a scroll of holy word
 C - 2 scrolls of magic mapping
 D - a scroll of enchant armour
 E - 2 scrolls of recharging
 F - 2 scrolls of blinking
 I - 5 scrolls of remove curse
Potions
 h - 8 potions of curing
 i - 2 potions of ambrosia
 n - 3 potions of cancellation
 o - 3 potions of mutation
 t - a potion of flight
 v - 2 potions of brilliance
 w - 4 potions of haste
 H - a potion of magic
 K - 2 potions of agility
 O - 2 potions of resistance
 Q - 6 potions of might
Books
 q - a book of Conjurations

   Spells                             Type                      Level
   a - Magic Dart                     Conjuration                  1
   b - Searing Ray                    Conjuration                  2
   c - Dazzling Spray                 Conjuration/Hexes            3
   d - Fulminant Prism                Conjuration/Hexes            4
   e - Force Lance                    Conjuration/Translocation    4
   f - Iskenderun's Mystic Blast      Conjuration                  4
 P - a book of Misfortune

   Spells                             Type                      Level
   a - Confusing Touch                Hexes                        1
   b - Confuse                        Hexes                        3
   c - Gell's Gravitas                Translocation                3
   d - Petrify                        Transmutation/Earth          4
   e - Metabolic Englaciation         Hexes/Ice                    5
   f - Yara's Violent Unravelling     Hexes/Transmutation          5
 S - a book of Annihilations

   Spells                             Type                      Level
   a - Poison Arrow                   Conjuration/Poison           6
   b - Chain Lightning                Conjuration/Air              8
   c - Lehudib's Crystal Spear        Conjuration/Earth            8
   d - Glaciate                       Conjuration/Ice              9
   e - Fire Storm                     Conjuration/Fire             9
 V - a book of Transfigurations

   Spells                             Type                      Level
   a - Irradiate                      Conjuration/Transmutation    5
   b - Statue Form                    Transmutation/Earth          6
   c - Hydra Form                     Transmutation                6
   d - Dragon Form                    Transmutation                7
Comestibles
 c - 18 bread rations
 j - 3 royal jellies
 p - 8 meat rations
 L - 22 fruits


   Skills:
 + Level 2.5 Fighting
 + Level 4.6 Short Blades
 + Level 5.9 Dodging
 + Level 6.4 Stealth
 + Level 5.7 Shields
 + Level 21.5 Spellcasting
 + Level 15.9 Conjurations
   Level 2.4 Hexes
 + Level 5.9 Charms
 + Level 7.6 Necromancy
 + Level 4.5 Translocations
 + Level 15.5 Fire Magic
 + Level 3.8 Ice Magic
 + Level 2.4 Air Magic
 + Level 0.9 Poison Magic
 + Level 2.5 Evocations


You had 7 spell levels left.
You knew the following spells:

 Your Spells              Type           Power        Failure   Level  Hunger
a - Flame Tongue          Conj/Fire      #####        0%          1    None
b - Throw Flame           Conj/Fire      ######       0%          2    None
c - Sticky Flame          Conj/Fire      ########     0%          4    None
d - Fireball              Conj/Fire      ########..   1%          5    None
e - Bolt of Fire          Conj/Fire      ########..   1%          6    None
f - Regeneration          Chrm/Necr      ######....   1%          3    None
g - Throw Frost           Conj/Ice       ######       0%          2    None
h - Blink                 Tloc           N/A          1%          2    None
i - Sublimation of Blood  Necr           #######...   1%          2    None
j - Iskenderun's Mystic   Conj           ########     0%          4    None
k - Force Lance           Conj/Tloc      #######.     1%          4    None
l - Olgreb's Toxic Radia  Pois           #####...     1%          4    None
m - Freezing Cloud        Conj/Ice/Air   #######...   1%          6    None
n - Spellforged Servitor  Conj/Summ      #######...   6%          7    None


Dungeon Overview and Level Annotations

Branches:
Dungeon (14/15)            Temple (1/1) D:6            Lair (6/6) D:9
  Swamp (0/4) Lair:2        Snake (4/4) Lair:3        Slime (0/5) Lair:5
    Orc (2/2) D:9             Elf (0/3) Orc:2        Vaults (0/5) D:14

Altars:
Ashenzari
Cheibriados
Dithmenos
Elyvilon
Fedhas
Gozag
Hepliaklqana
Kikubaaqudgha
Makhleb
Nemelex Xobeh
Okawaru
Qazlal
Ru
Sif Muna
Trog
Uskayaw
Vehumet
Xom
Yredelemnul
Zin
The Shining One
Beogh
Jiyva

Shops:
D:4 (   D:6 :   D:13 [:[   Orc:2 (==*(   Snake:1 }   Snake:4 ?

Portals:
Trove: D:11 (give 17 potions of curing)

Annotations:
Lair:5 1 runed door
Snake:4 Kirke


Innate Abilities, Weirdness & Mutations

You have sharp toenails.
Your flesh is heat resistant. (rF+)
Your muscles are strong. (Str +2)


Message History

You feel much better. The naga warrior spits poison at you.
The splash of poison misses you.
Unknown command.
Casting: Fireball
Confirm with . or Enter, or press ? or * to list all spells.
Aiming: Fireball
Press: ? - help, Shift-Dir - straight line, f/p - naga warrior
Aim: a naga warrior, wielding a halberd of protection and wearing a glowing robe (purple smoke, fast, catching its breath)
You feel a surge of power!
The fireball explodes!
The fireball engulfs the naga warrior.
The naga warrior is heavily wounded.
Your skin stops crawling.
The naga warrior hits you from afar with a halberd of protection!!
* * * LOW HITPOINT WARNING * * *
Unknown command.
Unknown command.
You feel much better.
The naga warrior hits you from afar with a halberd of protection!!
You die...

..#......#'##########
..'......N...........
.#..................
..#########..................
......)§..§..................
.......).....................
.......#§.#§§§§..........#...
......###.N§§§§.######..####.
####.. ##§§@§### #### ## ##
######


You could see a naga warrior.

Vanquished Creatures
  Vashnia (Snake:2)
  Frances (D:12)
  7 nagarajas
  A frost giant (IceCv)
  Josephine (D:11)
  A fire dragon (Lair:6)
  Erolcha (D:13)
  Fannar (D:12)
  3 hydras
  Harold (D:11)
  7 naga warriors
  3 vault guards (D:14)
  A centaur warrior (D:12)
  8 anacondas
  A death knight (D:14)
  Erica (D:10)
  7 two-headed ogres
  4 shock serpents
  6 naga sharpshooters
  The ghost of murphy the Fighter, a novice VSMo of Cheibriados (D:12)
  Sonja (Orc:2)
  A skeletal warrior (D:14)
  3 salamander mystics
  The ghost of dvd the Chopper, a novice TrGl (D:6)
  A hell knight (Volcano)
  2 wizards (D:14)
  2 unseen horrors (D:13)
  7 naga ritualists
  A lindwurm (Lair:6)
  2 orc knights (D:14)
  11 mana vipers
  13 salamanders
  A deep elf mage (D:14)
  2 cyclopes
  5 ugly things
  A manticore (D:14)
  8 elephants (Lair:6)
  10 orc sorcerers (Orc:2)
  30 black mambas
  16 naga magi
  Maurice (D:10)
  3 guardian serpents
  A smoke demon (Volcano)
  11 spiny frogs
  A torpor snail (Lair:3)
  2 ice statues
  2 gargoyles
  3 molten gargoyles
  2 rime drakes
  3 yaktaurs (D:14)
  8 ice devils
  11 komodo dragons
  A freezing wraith (D:14)
  2 red devils (Volcano)
  A troll (D:14)
  15 polar bears
  16 blink frogs
  4 slime creatures
  3 dream sheep (Lair:3)
  13 hippogriffs
  A meliai zombie (D:14)
  75 yaks
  3 shadows
  6 wraiths
  A spriggan (D:9)
  6 wyverns
  3 hogs (Snake:4)
  3 hungry ghosts
  4 vampire mosquitoes (D:14)
  2 fire bats (Volcano)
  2 steam dragons (Lair:6)
  8 basilisks
  40 nagas
  5 wargs (Orc:2)
  13 water moccasins
  6 hell hounds
  4 porcupines
  19 orc warriors
  An ice beast (D:9)
  4 phantoms
  3 black bears
  An eye of draining (D:10)
  3 necrophages
  12 ogres
  A hornet zombie (D:14)
  8 sky beasts
  21 wolves
  10 centaurs
  9 crocodiles
  16 bullfrogs
  A big kobold (D:8)
  An earth elemental (Orc:2)
  6 scorpions
  9 killer bees
  3 wights (D:11)
  7 howler monkeys
  5 electric eels (Lair:1)
  10 lava snakes
  11 crimson imps
  3 bullfrog zombies
  The ghost of murphy the Ruffian, a weakling VSMo (D:5)
  A quasit (D:10)
  2 bullfrog skeletons
  2 centaur zombies
  10 hounds
  13 jellies
  12 orc priests
  39 orc wizards
  2 centaur skeletons
  8 iguanas
  Natasha (twice) (D:2)
  17 worker ants
  A hound zombie (D:5)
  A hound skeleton (D:8)
  Robin (D:2)
  2 worker ant zombies
  A howler monkey skeleton (D:9)
  13 adders
  4 gnolls
  2 shadow imps
  15 oozes
  6 ufetubi (D:11)
  An adder zombie (D:7)
  3 worms
  9 leopard geckos
  110 orcs
  10 bats
  4 giant cockroaches
  13 goblins
  13 hobgoblins
  19 jackals
  3 quokkas
  2 frilled lizards (D:1)
  7 kobolds
  A leopard gecko skeleton (D:6)
  A leopard gecko zombie (D:5)
  A quokka zombie (D:7)
  8 rats
  2 fungi
  A plant (Lair:1)
987 creatures vanquished.

Vanquished Creatures (others)
  An anaconda (Snake:1)
  A centaur (D:5)
  An orc (Orc:2)
  16 fungi
  6 plants
25 creatures vanquished.

Grand Total: 1012 creatures vanquished

Notes
Turn   | Place    | Note
-------+----------+-------------------------------------------
     0 | D:1      | dvd the Deep Elf Fire Elementalist began the quest for the Orb.
     0 | D:1      | Reached XP level 1. HP: 10/10 MP: 6/6
   212 | D:1      | Reached XP level 2. HP: 15/15 MP: 4/8
   282 | D:1      | Learned a level 2 spell: Throw Flame
   723 | D:1      | Reached XP level 3. HP: 19/19 MP: 6/9
  1367 | D:2      | Noticed Robin
  1556 | D:2      | Killed Robin
  1558 | D:2      | Noticed Natasha
  1783 | D:2      | Killed Natasha
  1783 | D:2      | Reached skill level 4 in Spellcasting
  1783 | D:2      | Reached XP level 4. HP: 14/24 MP: 7/12
  1792 | D:2      | Learned a level 4 spell: Sticky Flame
  2357 | D:2      | Noticed Natasha
  2359 | D:2      | Killed Natasha
  2359 | D:2      | Reached XP level 5. HP: 28/28 MP: 7/14
  2795 | D:3      | Reached skill level 5 in Spellcasting
  3368 | D:3      | Learned a level 5 spell: Fireball
  3796 | D:4      | Reached XP level 6. HP: 31/32 MP: 5/15
  4123 | D:4      | Got a blackened scale mail
  4134 | D:4      | Identified the cursed +1 scale mail of Liberalism {rN+ rCorr} (You found it on level 4 of the Dungeon)
  4206 | D:4      | Found Qamaus's Weapon Boutique.
  4388 | D:4      | Reached skill level 5 in Fire Magic
  4475 | D:4      | Reached skill level 6 in Spellcasting
  4475 | D:4      | Reached XP level 7. HP: 33/36 MP: 6/18
  4641 | D:5      | Entered Level 5 of the Dungeon
  4641 | D:5      | Noticed murphy's ghost (weakling VSMo)
  4649 | D:5      | Killed murphy's ghost
  4824 | D:5      | Found a bloodstained altar of Trog.
  4951 | D:5      | Reached skill level 7 in Spellcasting
  4951 | D:5      | Reached skill level 5 in Conjurations
  5301 | D:5      | Reached XP level 8. HP: 28/42 MP: 6/21
  5481 | D:5      | Reached skill level 8 in Spellcasting
  5966 | D:5      | Reached skill level 1 in Fighting
  6822 | D:6      | Noticed dvd's ghost (novice TrGl)
  7096 | D:6      | Reached skill level 9 in Spellcasting
  7134 | D:6      | Found Jeipt's Book Shoppe.
  7275 | D:6      | Found a white marble altar of Elyvilon.
  7338 | D:6      | Found a staircase to the Ecumenical Temple.
  7347 | Temple   | Entered the Ecumenical Temple
  7635 | D:6      | Reached XP level 9. HP: 47/47 MP: 14/24
  7690 | D:6      | Found a blossoming altar of Fedhas.
  8030 | D:7      | Reached skill level 1 in Evocations
  8173 | D:7      | Learned a level 3 spell: Dazzling Spray
  8221 | D:7      | Reached skill level 1 in Shields
  8542 | D:7      | Reached skill level 10 in Spellcasting
  8825 | D:7      | Reached skill level 1 in Hexes
  9024 | D:7      | Got a jewelled rapier
  9025 | D:7      | Identified the cursed +1 rapier of Nemelex Xobeh {flame, +Inv Dex+3} (You found it on level 7 of the Dungeon)
  9483 | D:8      | Identified the Incunabulum of Twisted Flames
  9492 | D:8      | Found a basalt altar of Yredelemnul.
 10160 | D:8      | Found a radiant altar of Vehumet.
 10167 | D:8      | Became a worshipper of Vehumet
 10175 | D:8      | Found an ancient bone altar of Kikubaaqudgha.
 10202 | D:8      | Found a deep blue altar of Sif Muna.
 10205 | D:8      | Reached XP level 10. HP: 51/52 MP: 18/26
 10322 | D:9      | Reached skill level 1 in Short Blades
 10324 | D:9      | Noticed a two-headed ogre
 10336 | D:9      | Killed a two-headed ogre
 10336 | D:9      | Reached skill level 11 in Spellcasting
 10697 | D:9      | Found a staircase to the Orcish Mines.
 10808 | D:9      | Reached * piety under Vehumet
 10808 | D:9      | Offered knowledge of Shock by Vehumet.
 10814 | D:9      | Learned a level 1 spell: Shock
 10897 | D:9      | Found a shattered altar of Ashenzari.
 10963 | D:9      | Found a staircase to the Lair.
 11391 | D:9      | Found a burning altar of Makhleb.
 11433 | D:9      | Reached skill level 12 in Spellcasting
 11679 | D:9      | Found a hide-covered altar of Uskayaw.
 11843 | D:9      | Found a shadowy altar of Dithmenos.
 11851 | D:9      | Found a shimmering altar of Xom.
 11963 | Orc:1    | Entered Level 1 of the Orcish Mines
 12154 | Orc:1    | Found a roughly hewn altar of Beogh.
 12357 | Orc:2    | Entered Level 2 of the Orcish Mines
 12497 | Orc:2    | Offered knowledge of Throw Frost by Vehumet.
 12501 | Orc:2    | Reached ** piety under Vehumet
 12505 | Orc:2    | Learned a level 2 spell: Throw Frost
 12856 | Orc:2    | Found a staircase to the Elven Halls.
 12893 | Orc:2    | Noticed an orc sorcerer
 12904 | Orc:2    | Noticed Sonja
 12906 | Orc:2    | Killed an orc sorcerer
 12906 | Orc:2    | Reached XP level 11. HP: 15/56 MP: 20/29
 12911 | Orc:2    | Found Quyc's Weapon Boutique.
 13259 | D:6      | Bought a book of Minor Magic for 260 gold pieces
 13262 | D:6      | Learned a level 2 spell: Blink
 13526 | D:6      | Gained mutation: You are frail. (-10% HP) [potion of mutation]
 13526 | D:6      | Gained mutation: You have sharp toenails. [potion of mutation]
 13527 | D:6      | Lost mutation: You are frail. (-10% HP) [potion of mutation]
 13527 | D:6      | Gained mutation: Your muscles are strong. (Str +2) [potion of mutation]
 13527 | D:6      | Gained mutation: Your flesh is heat resistant. (rF+) [potion of mutation]
 13829 | D:6      | Killed dvd's ghost
 13929 | D:10     | Entered Level 10 of the Dungeon
 13940 | D:10     | Offered knowledge of Static Discharge by Vehumet.
 13958 | D:10     | Noticed Erica
 13977 | D:10     | Reached *** piety under Vehumet
 14378 | D:10     | Noticed a two-headed ogre
 14390 | D:10     | Killed a two-headed ogre
 14390 | D:10     | Reached skill level 13 in Spellcasting
 14520 | D:10     | Killed Erica
 14520 | D:10     | Reached skill level 10 in Conjurations
 14520 | D:10     | Reached skill level 10 in Fire Magic
 14524 | D:10     | Offered knowledge of Stone Arrow by Vehumet.
 15044 | D:11     | Found a portal to a secret trove of treasure.
 15044 | D:11     | Noticed Maurice
 15046 | D:11     | Noticed Harold
 15050 | D:10     | Killed Maurice
 15148 | D:11     | Noticed Josephine
 15400 | D:11     | Reached skill level 5 in Stealth
 15400 | D:11     | Reached skill level 1 in Translocations
 15406 | D:11     | Killed Josephine
 15756 | D:6      | Bought a book of Necromancy for 390 gold pieces
 15760 | D:6      | Learned a level 3 spell: Regeneration
 15818 | Lair:1   | Entered Level 1 of the Lair of Beasts
 15985 | Lair:1   | Reached **** piety under Vehumet
 15987 | Lair:1   | Reached skill level 14 in Spellcasting
 15992 | Lair:1   | Noticed a seven-headed hydra
 16057 | Lair:1   | Offered knowledge of Fulminant Prism by Vehumet.
 16112 | Lair:1   | Learned a level 2 spell: Sublimation of Blood
 16153 | Lair:1   | Killed a seven-headed hydra
 16153 | Lair:1   | Reached XP level 12. HP: 62/62 MP: 15/32
 17033 | Lair:2   | Reached ***** piety under Vehumet
 17078 | Lair:2   | Offered knowledge of Iskenderun's Mystic Blast by Vehumet.
 17084 | Lair:2   | Learned a level 4 spell: Iskenderun's Mystic Blast
 17179 | Lair:2   | Reached skill level 1 in Necromancy
 17300 | Lair:2   | Found a frozen archway.
 17307 | Lair:2   | Reached skill level 15 in Spellcasting
 17368 | IceCv    | Entered an ice cave
 17391 | IceCv    | Reached skill level 1 in Charms
 18187 | IceCv    | Reached skill level 5 in Shields
 18301 | IceCv    | Noticed a frost giant
 18317 | IceCv    | Killed a frost giant
 18747 | Lair:2   | Reached XP level 13. HP: 66/66 MP: 30/34
 18902 | Lair:2   | Reached skill level 16 in Spellcasting
 19447 | Lair:2   | Found a staircase to the Swamp.
 20294 | Lair:3   | Found a staircase to the Snake Pit.
 20673 | Lair:3   | Learned a level 4 spell: Force Lance
 21162 | Lair:4   | Got a shimmering ring mail
 21173 | Lair:4   | Identified the cursed +0 ring mail of Zin's Hatred {rElec rF+} (You found it on level 4 of the Lair of Beasts)
 21796 | Lair:4   | Offered knowledge of Olgreb's Toxic Radiance by Vehumet.
 21801 | Lair:4   | Reached skill level 17 in Spellcasting
 22161 | Lair:5   | Found a runed door.
 22162 | Lair:5   | Found a viscous altar of Jiyva.
 22162 | Lair:5   | Noticed an azure jelly
 22163 | Lair:5   | Noticed an azure jelly
 22164 | Lair:5   | Found a staircase to the Slime Pits.
 22164 | Lair:5   | Noticed an azure jelly
 22164 | Lair:5   | Noticed an azure jelly
 22634 | Lair:6   | Entered Level 6 of the Lair of Beasts
 22748 | Lair:6   | Reached XP level 14. HP: 62/72 MP: 8/37
 22945 | Lair:6   | Learned a level 4 spell: Olgreb's Toxic Radiance
 23024 | Lair:6   | Found a dark tunnel.
 23039 | Volcano  | Entered a volcano
 23382 | Volcano  | Found a burning altar of Makhleb.
 23742 | Volcano  | Reached skill level 1 in Ice Magic
 24217 | Lair:6   | Reached skill level 18 in Spellcasting
 24548 | Lair:6   | Offered knowledge of Freezing Cloud by Vehumet.
 24724 | Lair:6   | Reached ****** piety under Vehumet
 24786 | Lair:6   | Found a large runed door.
 24787 | Lair:6   | Found a large runed door.
 24820 | Lair:6   | Reached skill level 5 in Dodging
 24870 | Lair:6   | Learned a level 6 spell: Freezing Cloud
 25527 | Orc:2    | Killed Sonja
 25705 | Orc:2    | Found Xiqughar's Antique Weapon Shop.
 25705 | Orc:2    | Found Nigudell's General Store.
 25796 | Orc:2    | Found a roughly hewn altar of Beogh.
 26069 | Orc:2    | Offered knowledge of Spellforged Servitor by Vehumet.
 26496 | Orc:2    | Learned a level 7 spell: Spellforged Servitor
 26577 | Orc:2    | Found Ichel's Jewellery Emporium.
 26577 | Orc:2    | Found Weanga's Jewellery Shop.
 26908 | D:11     | Killed Harold
 27127 | D:11     | Reached skill level 5 in Necromancy
 27349 | D:11     | Found a shadowy altar of Dithmenos.
 27479 | D:12     | Offered knowledge of Bolt of Fire by Vehumet.
 27884 | D:12     | Noticed Fannar
 27887 | D:12     | Killed Fannar
 27953 | D:12     | Noticed Frances
 27961 | D:12     | Killed Frances
 27961 | D:12     | Reached skill level 19 in Spellcasting
 27961 | D:12     | Reached XP level 15. HP: 44/76 MP: 9/40
 27969 | D:12     | Learned a level 6 spell: Bolt of Fire
 28082 | D:12     | Noticed murphy's ghost (novice VSMo)
 28246 | D:12     | Killed murphy's ghost
 28513 | D:13     | Found Gumyinte's Book Shop.
 28612 | D:13     | Found Viutar's Armour Boutique.
 28735 | D:13     | Noticed Erolcha
 28746 | D:13     | Killed Erolcha
 28844 | D:13     | Found a blossoming altar of Fedhas.
 28959 | D:13     | Found Ytoubif's Armour Shoppe.
 28964 | D:13     | Bought the +0 pair of boots of the Meadowlark {rPois Slay+2 SInv} for 452 gold pieces
 29679 | D:14     | Found a gate to the Vaults.
 30489 | Snake:1  | Entered Level 1 of the Snake Pit
 30493 | Snake:1  | Found a flickering gateway to a bazaar.
 30509 | Bazaar   | Entered a bazaar
 30509 | Bazaar   | Found Vichigewn's Antique Armour Boutique.
 30509 | Bazaar   | Found Dibubu's Armour Shop.
 30509 | Bazaar   | Found Ehokibar's Weapon Shop.
 30521 | Bazaar   | Bought a pair of embroidered gloves for 292 gold pieces
 30521 | Bazaar   | Bought a glowing helmet for 292 gold pieces
 30590 | Snake:1  | Reached skill level 1 in Air Magic
 30683 | Snake:1  | Reached skill level 20 in Spellcasting
 30973 | Snake:1  | Found Rotroke's Gadget Shoppe.
 31044 | Snake:1  | Offered knowledge of Ozocubu's Refrigeration by Vehumet.
 31283 | Snake:2  | Reached skill level 5 in Charms
 31439 | Snake:2  | Reached XP level 16. HP: 56/81 MP: 25/42
 31759 | Snake:2  | Noticed Vashnia
 32064 | Snake:2  | Reached skill level 15 in Conjurations
 32299 | Snake:2  | Killed Vashnia
 32657 | Snake:2  | Offered knowledge of Conjure Ball Lightning by Vehumet.
 33206 | Snake:3  | Reached skill level 15 in Fire Magic
 33471 | Snake:3  | Reached skill level 21 in Spellcasting
 33984 | Snake:4  | Entered Level 4 of the Snake Pit
 34733 | Snake:4  | Noticed Kirke
 34924 | Snake:4  | Found Lueciva's Magic Scroll Emporium.
 34930 | Snake:4  | Bought a scroll of blinking for 120 gold pieces
 34930 | Snake:4  | Bought a scroll of blinking for 120 gold pieces
 34948 | Snake:4  | Offered knowledge of Shatter by Vehumet.
 34948 | Snake:4  | Offered knowledge of Tornado by Vehumet.
 34948 | Snake:4  | Offered knowledge of Ignition by Vehumet.
 34951 | Snake:4  | Reached XP level 17. HP: 77/85 MP: 17/44
 35074 | Snake:4  | Slain by a naga warrior

Skill      XL: |  1  2  3  4  5  6  7  8  9 10 11 12 13 14 15 16 |
---------------+-------------------------------------------------+-----
Fire Magic     | 4 5 6 7 8 9 10 11 13 14 15 | 15.5
Conjurations   | 2 3 4 5 7 8 9 10 11 13 14 15 | 15.9
Spellcasting   | 4 5 6 7 9 10 12 14 15 17 19 20 21 | 21.5
Stealth        | 3 4 5 6 |  6.4
Dodging        | 3 4 5 |  5.9
Fighting       | 1 2 |  2.5
Evocations     | 1 2 |  2.5
Shields        | 2 3 4 5 |  5.7
Hexes          | 1 2 |  2.4
Short Blades   | 2 3 4 |  4.6
Translocations | 2 3 4 |  4.5
Necromancy     | 3 4 5 6 7 |  7.6
Charms         | 2 3 4 5 |  5.9
Ice Magic      | 2 3 |  3.8
Air Magic      | 1 2 |  2.4
Poison Magic   | |  0.9

Action                   |  1- 3 |  4- 6 |  7- 9 | 10-12 | 13-15 | 16-18 || total
-------------------------+-------+-------+-------+-------+-------+-------++-------
Melee: Dagger            |       |       |    79 |       |       |       ||    79
       Rapier            |       |       |    15 |    55 |   142 |       ||   212
       Long sword        |       |       |       |       |       |     3 ||     3
 Cast: Flame Tongue      |    55 |    69 |    98 |    97 |    30 |       ||   349
       Throw Flame       |    18 |    45 |   114 |    77 |    38 |     7 ||   299
       Sticky Flame      |       |     2 |    37 |    59 |    55 |     1 ||   154
       Fireball          |       |       |     7 |   128 |   300 |    70 ||   505
       Dazzling Spray    |       |       |    10 |     6 |     6 |       ||    22
       Blink             |       |       |       |    15 |    18 |       ||    33
       Shock             |       |       |       |     3 |       |       ||     3
       Throw Frost       |       |       |       |     1 |    55 |       ||    56
       Regeneration      |       |       |       |    11 |    44 |    26 ||    81
       Sublimation of Bl |       |       |       |     9 |    38 |    15 ||    62
       Iskenderun's Myst |       |       |       |     1 |    26 |     3 ||    30
       Force Lance       |       |       |       |       |    39 |    18 ||    57
       Olgreb's Toxic Ra |       |       |       |       |     6 |     1 ||     7
       Freezing Cloud    |       |       |       |       |    10 |    17 ||    27
       Bolt of Fire      |       |       |       |       |    18 |    64 ||    82
Evoke: Wand              |       |       |    11 |     6 |    11 |     4 ||    32
  Use: Scroll            |       |     2 |     5 |    14 |    18 |    14 ||    53
       Potion            |       |       |       |    17 |     5 |     4 ||    26
 Stab: Sleeping          |       |       |     1 |       |     1 |       ||     2
       Invisible         |       |       |     2 |       |       |       ||     2
  Eat: Chunk             |     3 |     9 |    16 |    29 |    34 |     6 ||    97
       Royal jelly       |       |       |     1 |       |     4 |     3 ||     8
Armor: Robe              |     4 |     3 |    22 |    31 |    50 |     3 ||   113
Dodge: Dodged            |     8 |    13 |    90 |   112 |   118 |    20 ||   361
Block: Buckler           |       |     1 |    31 |    65 |    79 |    11 ||   187
       Reflection        |       |       |     4 |     7 |     5 |     8 ||    24
       Rpst.: Long sword |       |       |       |       |       |     2 ||     2
